 Dungeon Crawl Stone Soup version 0.29.1-12-g30fa7ad0bf (webtiles) character file.

Game seed: 14898163174127201016

127 FakeRyeBread the Sneak (level 5, 0/42 HPs)
             Began as a Naga Enchanter on Dec 21, 2022.
             Slain by an ogre
             ... wielding a +0 giant club
              (23 damage)
             ... on level 4 of the Dungeon.
             The game lasted 00:12:11 (3631 turns).

FakeRyeBread the Sneak (Naga Enchanter)             Turns: 3631, Time: 00:12:12

Health: 0/42       AC:  5    Str: 17    XL:     5   Next: 11%
Magic:  4/9        EV:  9    Int: 17    God:
Gold:   102        SH:  0    Dex: 11    Spells: 2/10 levels left

rFire   . . .      SeeInvis +   a - +1 dagger
rCold   . . .      Faith    .   (no shield)
rNeg    . . .      Spirit   .   b - +0 robe
rPois   +          Reflect  .   d - +2 helmet
rElec   .          Harm     .   x - scarf {+Inv}
rCorr   .          Rampage  .   (no gloves)
Will    .....                   (no barding)
Stlth   +++.......              (no amulet)
HPRegen 0.14/turn               n - +6 ring of strength
MPRegen 0.11/turn               (no ring)

@: very slow
A: AC +1, large, see invisible, deformed body, poison resistance, slowness 2,
spit poison 1, naga tail 1
a: Spit Poison, Evoke Invisibility


You were on level 4 of the Dungeon.
You visited 1 branch of the dungeon, and saw 4 of its levels.

You collected 102 gold pieces.

Inventory:

Hand Weapons
 a - a +1 dagger (weapon)
Armour
 b - a +0 robe (worn)
 d - a +2 helmet (worn)
 v - a +0 leather armour
 x - a scarf of invisibility (worn)
 y - an orb of mayhem
Jewellery
 i - a ring of fire
 n - a +6 ring of strength (left hand)
Scrolls
 g - a scroll of summoning {unknown}
 j - 3 scrolls of enchant weapon {unknown}
 k - 2 scrolls of magic mapping {unknown}
 l - 4 scrolls of identify {unknown}
 o - 2 scrolls of teleportation {unknown}
 p - a scroll of enchant armour {unknown}
 q - a scroll of noise {unknown}
 r - a scroll of silence {unknown}
 s - a scroll of acquirement {unknown}
 u - a scroll of torment {unknown}
Potions
 c - 2 potions of invisibility
 e - a potion of ambrosia {unknown}
 f - a potion of lignification {unknown}
 h - 2 potions of attraction {unknown}
 m - a potion of heal wounds {unknown}
 t - a potion of haste {unknown}
 w - 3 potions of curing {unknown}


   Skills:
 + Level 2.6 Short Blades
 - Level 1.6 Dodging
 - Level 5.0 Stealth
 + Level 3.0 Spellcasting
 + Level 3.9 Hexes


You had 2 spell levels left.
You knew the following spells:

 Your Spells              Type           Power      Damage    Failure   Level
a - Ensorcelled Hibernat  Hex/Ice        18%        N/A       12%         2
b - Confusing Touch       Hex            16%        N/A       11%         3
c - Tukima's Dance        Hex            16%        N/A       11%         3

Your spell library contained the following spells:

 Spells                   Type           Power      Damage    Failure   Level
 Freeze                   Ice            8%         1d3       17%         1
 Shock                    Conj/Air       8%         1d3       17%         1
 Dazzling Flash           Conj/Hex       18%        N/A       24%         3
 Summon Guardian Golem    Hex/Summ       9%         N/A       24%         3
 Frozen Ramparts          Ice            4%         1d1       45%         3
 Swiftness                Air            2%         N/A       45%         3
 Airstrike                Air            1%         2d(1-17)  86%         4
 Hailstorm                Conj/Ice       2%         3d3       86%         4
 Orb of Destruction       Conj           1%         9d5       100%        7
 Spellforged Servitor     Conj/Summ      1%         N/A       100%        7


Dungeon Overview and Level Annotations

Branches:
Dungeon (4/15)
 Temple: D:4-7

Altars:
Xom


Innate Abilities, Weirdness & Mutations

Your serpentine skin is tough. (AC +1)
You have supernaturally acute eyesight. (SInv)
Armour fits poorly on your strangely shaped body.
Your system is resistant to poisons. (rPois)
You cover ground very slowly.
You can spit poison.
You have a snake-like lower body.


Message History

You kill the dart slug!
Magic restored.
Found 8 stones.
A kobold comes into view. It is wielding a +0 short sword.
You see here an orange potion.
w - 3 orange potions (gained 1)
An ogre comes into view. It is wielding a +0 giant club.
You see here an orb of mayhem.
y - an orb of mayhem
Found a stone staircase leading down.
The kobold shouts!
The ogre shouts!
You see here 8 stones.
Casting: Ensorcelled Hibernation (safe; 12% risk of failure)
Confirm with . or Enter, or press ? or * to list all spells.
Aiming: Ensorcelled Hibernation (safe; 12% risk of failure)
Press: ? - help, Shift-Dir - straight line, f - ogre
Aim: an ogre, wielding a +0 giant club (chance to affect: 43%)
The ogre looks drowsy...
Casting: Ensorcelled Hibernation (safe; 12% risk of failure)
Confirm with . or Enter, or press ? or * to list all spells.
Aiming: Ensorcelled Hibernation (safe; 12% risk of failure)
Press: ? - help, Shift-Dir - straight line, f - kobold, p - ogre
Aim: a kobold, wielding a +0 short sword (chance to affect: 61%)
The kobold looks drowsy...
The helpless kobold fails to defend itself.
You impale the kobold!!
You kill the kobold!
The helpless ogre fails to defend itself.
You impale the ogre!!
The ogre is almost dead.
The ogre hits you with a +0 giant club!!
Casting: Ensorcelled Hibernation (safe; 12% risk of failure)
Confirm with . or Enter, or press ? or * to list all spells.
Aiming: Ensorcelled Hibernation (safe; 12% risk of failure)
Press: ? - help, Shift-Dir - straight line, f - ogre
Aim: an ogre, wielding a +0 giant club (almost dead, not susceptible)
The ogre is unaffected.
The ogre hits you with a +0 giant club!!
Ouch! That really hurt!
You die...

##.....# #.## .#.#
.'.....+.. .>.......
##.....##.##..#....###
..............#......
####'#.............#
#...##.##.##........
#.#.##....##.)...# #
..#.#.......(....#.##.#
.##.########....@O....#
....# #...###.####
.###.## #^........ ##
.#.### #...###.### .#
.#...###.......# .#
#...............
.#####.#.###.########
..#..................
..#....#...........#


You could see an ogre.

Vanquished Creatures
  A hound (D:3)
  5 adders
  A worm (D:2)
  3 dart slugs
  7 ball pythons
  4 endoplasms
  2 giant cockroaches
  2 goblins (D:1)
  3 hobgoblins
  3 jackals (D:2)
  2 quokkas
  6 bats
  2 frilled lizards
  A kobold (D:4)
  4 rats
46 creatures vanquished.

Vanquished Creatures (others)
  A plant (D:3)
1 creature vanquished.

Grand Total: 47 creatures vanquished

Notes
Turn   | Place    | Note
-------+----------+-------------------------------------------
     0 | D:1      | FakeRyeBread the Naga Enchanter began the quest for the
                  | Orb.
     0 | D:1      | Reached XP level 1. HP: 15/15 MP: 3/3
   348 | D:1      | Reached XP level 2. HP: 22/22 MP: 5/5
   476 | D:1      | HP: 1/22 [goblin/+0 dagger (2)]
   481 | D:1      | Found a faded altar of an unknown god.
   481 | D:1      | HP: 1/22 [bat (1)]
  1407 | D:2      | Reached XP level 3. HP: 27/28 MP: 6/6
  1410 | D:2      | Learned a level 2 spell: Ensorcelled Hibernation
  1414 | D:2      | Learned a level 3 spell: Confusing Touch
  2553 | D:3      | Reached XP level 4. HP: 36/36 MP: 1/8
  2902 | D:3      | Learned a level 3 spell: Tukima's Dance
  2922 | D:3      | Found a shimmering altar of Xom.
  3562 | D:4      | Reached skill level 5 in Stealth
  3562 | D:4      | Reached XP level 5. HP: 42/42 MP: 4/9
  3619 | D:4      | Noticed an ogre
  3631 | D:4      | Slain by an ogre

Illustrated notes

Levels and vault maps discovered:
D:1:      amcnicky_arrival_underground_garden, layout_basic,
          hellmonk_ecumenical_altar_blasted, chequers_serial_rivers_small_a
D:2:      layout_basic
D:3:      layout_basic, mainiacjoe_overflow_boulevard, minmay_shallow_snake_nest
D:4:      layout_basic, mainiacjoe_overflow_swirl,
          minmay_temple_entry_mini_moons, nrook_loot_triangle,
          hangedman_abyss_or_decor_stabs

Skill      XL: |  1  2  3  4 |
---------------+-------------+-----
Short Blades   | 2 |  2.6
Spellcasting   | 3 |  3.0
Stealth        | 5 |  5.0
Dodging        | |  1.6
Hexes          | |  3.9

Action                   |  1- 3 |  4- 6 || total
-------------------------+-------+-------++-------
Melee: Dagger            |    81 |    42 ||   123
 Cast: Ensorcelled Hiber |     5 |    12 ||    17
 Abil: Spit Poison       |     5 |     1 ||     6
  Use: Potion            |     1 |       ||     1
 Stab: Sleeping          |     9 |     7 ||    16
Armor: Robe              |    51 |    20 ||    71
Dodge: Dodged            |    30 |    32 ||    62
